 Dungeon Crawl Stone Soup version 0.30.1-11-g7821555f0a (webtiles) character file.

Game seed: 10409813338038409512

7 watttottt the Conjurer (level 1, -1/14 HPs)
             Began as a Draconian Conjurer on Dec 29, 2023.
             Slain by a kobold
             ... wielding a +0 short sword
              (4 damage)
             ... on level 1 of the Dungeon.
             The game lasted 00:05:54 (153 turns).

watttottt the Conjurer (Draconian Conjurer)          Turns: 153, Time: 00:05:55

Health: -1/14      AC:  4    Str:  9    XL:     1   Next: 83%
Magic:  3/3        EV: 12    Int: 18    God:
Gold:   13         SH:  0    Dex:  9    Spells: 3/4 levels left

rFire   . . .        d - staff of cold
rCold   + + .        (no shield)
rNeg    . . .        (body armour unavailable)
rPois   .            (helmet restricted)
rElec   .            (no cloak)
rCorr   .            (no gloves)
SInv    .            (no boots)
Will    .....        (no amulet)
Stlth   ++           b - ring of protection from cold
HPRegen 0.22/turn    (no ring)
MPRegen 0.08/turn

%: no passive effects
@: no status effects
A: AC +4, unfitting armour, cold-blooded
a: no special abilities


You were on level 1 of the Dungeon.
You visited 1 branch of the dungeon, and saw 1 of its levels.

You collected 13 gold pieces.

Inventory:

Hand Weapons
 e - a +0 club
Armour
 c - a +0 ring mail
Magical Staves
 d - a staff of cold (weapon)
Jewellery
 b - a ring of protection from cold (left hand)
Potions
 a - a potion of magic


   Skills:
 + Level 2.0 Dodging
 + Level 1.7 Stealth
 + Level 0.4 Unarmed Combat
 + Level 2.0 Spellcasting
 + Level 4.1 Conjurations


You had 3 spell levels left.
You knew the following spells:

 Your Spells              Type           Power      Damage    Failure   Level
a - Magic Dart            Conj           64%        1d6       3%          1

Your spell library contained the following spells:

 Spells                   Type           Power      Damage    Failure   Level
 Searing Ray              Conj           32%        2d5       4%          2
 Dazzling Flash           Conj/Hex       18%        N/A       24%         3
 Fulminant Prism          Conj/Hex       4%         3d5       61%         4
 Iskenderun's Mystic Bla  Conj/Tloc      9%         2d4       61%         4


Dungeon Overview and Level Annotations

Branches:
Dungeon (1/15)

Altars:


Innate Abilities, Weirdness & Mutations

Your plain brown scales are hard. (AC +4)
You cannot fit into any form of body armour.
You are cold-blooded and may be slowed by cold attacks.


Message History

The kobold closely misses you.
A kobold comes into view. It is wielding a +0 short sword.
The dart slug closely misses you.
The kobold shouts!
You hit the dart slug.
You kill the dart slug!
The kobold hits you but does no damage.
Your Dodging skill increases to level 2!
You hit the kobold but do no damage. The kobold hits you with a +0 whip.
You hit the kobold but do no damage. The kobold hits you with a +0 whip.
The hobgoblin hits you. The kobold barely misses you.
You are too injured to fight recklessly!
You are too injured to fight recklessly!
You are too injured to fight recklessly!
The kobold throws a stone.
The stone hits you but does no damage. The hobgoblin barely misses you.
The hobgoblin attacks as you move away! The hobgoblin hits you.
* * * LOW HITPOINT WARNING * * *
The hobgoblin misses you.
The kobold throws a stone.
The stone barely misses you. The hobgoblin closely misses you.
You are too injured to fight recklessly!
The hobgoblin hits you but does no damage.
The kobold attacks as you move away!
The kobold hits you with a +0 short sword.
* * * LOW HITPOINT WARNING * * *
The kobold hits you with a +0 whip.
* * * LOW HITPOINT WARNING * * *
The kobold throws a stone.
The stone barely misses you. The kobold attacks as you move away!
The kobold hits you with a +0 short sword.
* * * LOW HITPOINT WARNING * * *
You see here a rat corpse.
The kobold hits you with a +0 short sword.
* * * LOW HITPOINT WARNING * * *
You see here a goblin corpse.
The kobold hits you but does no damage. The kobold attacks as you move away!
The kobold hits you but does no damage.
The kobold hits you with a +0 short sword.
You die...

..... #.##
#.............# #### #..#
#.........##### ##.#
#.........#
#####.###.........#######
#......##.........#.....#
#......########'###.###.#
#.......#### #.# #.# #.#
#........K†####.###.# #.#
#......###†##@......# #.#
#......# #.gK.#.##### #.#
######## ####.#.# .g#
#...# ### #...# .....#
.###..# #. ##># .#


You could see a hobgoblin and a kobold.

Vanquished Creatures
  A dart slug (D:1)
  A ball python (D:1)
  A goblin (D:1)
  A bat (D:1)
  A rat (D:1)
5 creatures vanquished.

Notes
Turn   | Place    | Note
-------+----------+-------------------------------------------
     0 | D:1      | watttottt the Draconian Conjurer began the quest for the
                  | Orb.
     0 | D:1      | Reached XP level 1. HP: 14/14 MP: 3/3
   153 | D:1      | Slain by a kobold

Illustrated notes

Levels and vault maps discovered:
D:1:      dpeg_arrival_lava_altar, layout_basic,
          shapermc_ecumenical_altar_flowoftime, minmay_close_crescents

Skill      XL: |  1 |
---------------+----+-----
Dodging        | 2 |  2.0
Stealth        | |  1.7
Unarmed Combat | |  0.4
Spellcasting   | |  2.0
Conjurations   | |  4.1

Action                     || total
---------------------------++-------
  Melee: Unarmed           ||    19
         Staff             ||     7
         Tailslap          ||     4
 Armour: Skin              ||    12
  Dodge: Dodged            ||    31
